 Dungeon Crawl Stone Soup version 0.31-a0-614-gc85dc1c (webtiles) character file.

Game seed: 13073654066492028828

2502872 foff the Pyromancer (level 27, 191/216 HPs)
             Began as a Naga Fire Elementalist on Aug 21, 2023.
             Was the Champion of Vehumet.
             Escaped with the Orb
             ... and 4 runes on Aug 22, 2023!
             The game lasted 01:45:05 (60615 turns).

foff the Pyromancer (Naga Fire Elementalist)       Turns: 60615, Time: 01:45:06

Health: 191/216    AC: 22    Str: 15    XL:     27
Magic:  14/46      EV:  8    Int: 41    God:    Vehumet [******]
Gold:   800        SH: 14    Dex: 14    Spells: 6/64 levels left

rFire   + + .        b - staff of conjuration
rCold   + + .        W - +2 shield of Resistance {rF++ rC++ Will++}
rNeg    + + .        K - +3 troll leather armour "Jolonuaj" {Regen+ Str+3}
rPois   +            v - +2 hood of the Assassin {Detect Stab+ Stlth++}
rElec   +            L - +2 cloak {rCorr}
rCorr   +            Z - +2 pair of gloves {Dex+3}
SInv    +            (no barding)
Will    +++++        e - macabre finger necklace {Finger+ rN+}
Stlth   ++           x - +6 ring of intelligence
HPRegen 1.36/turn    V - +6 ring of intelligence
MPRegen 0.30/turn    l - ring of the Doge {Wiz Fly rElec rN+}

%: wizardry (x1)
@: flying, studying 2 skills, very slow
A: AC +9, large, see invisible, deformed body, poison resistance, slowness 2,
spit poison 1, naga tail 2, sense surroundings 1
0: Orb of Zot
}: 4/15 runes: serpentine, barnacled, slimy, silver
a: Spit Poison, Renounce Religion


You escaped.
You worshipped Vehumet.
Vehumet was exalted by your worship.
You visited 11 branches of the dungeon, and saw 53 of its levels.
You visited the Abyss 1 time.
You also visited: Sewer and Volcano.

You collected 6442 gold pieces.
You spent 5642 gold pieces at shops.

Inventory:

Armour
 s - the +3 warlock's mirror {omnireflect}
   (You found it on level 15 of the Dungeon)

   Omnireflect: It can block and reflect piercing ranged attacks and magical
   attacks against the wielder's willpower.
 v - the +2 hood of the Assassin (worn) {Detect Stab+ Stlth++}
   (You found it on level 1 of the Realm of Zot)

   Detect:    It allows the wearer to sense nearby creatures.
   Stab+:     It allows the wearer to make particularly effective stabbing
   attacks against helpless or unaware enemies with any weapon.
   Stlth++:   It makes you much more stealthy.
 y - a scarf of resistance
 K - the +3 troll leather armour "Jolonuaj" (worn) {Regen+ Str+3}
   (You found it on level 11 of the Dungeon)

   Str+3:     It affects your strength (+3).
   Regen+:    It increases your rate of health regeneration.
 L - a +2 cloak of preservation (worn)
 W - the +2 shield of Resistance (worn) {rF++ rC++ Will++}
   (You found it on level 14 of the Dungeon)

   rF++:      It greatly protects you from fire.
   rC++:      It greatly protects you from cold.
   Will++:    It greatly increases your willpower.
 Z - a +2 pair of gloves of dexterity (worn)
Magical Staves
 a - a staff of cold
 b - a staff of conjuration (weapon)
 i - a staff of air
 R - a staff of fire
Jewellery
 d - a ring of magical power
 e - the macabre finger necklace (around neck) {Finger+ rN+}
   (You bought it in a shop on level 4 of the Vaults)

   [amulet of nothing]

   Finger+:   It enables you to equip an extra ring.
   rN+:       It protects you from negative energy.
 l - the ring of the Doge (on amulet) {Wiz Fly rElec rN+}
   (You took it off a spriggan air mage on level 3 of the Depths)

   [ring of wizardry]

   Wiz:       It improves your spell success rate.
   rElec:     It insulates you from electricity.
   rN+:       It protects you from negative energy.
   Fly:       It grants you flight.
 w - a +6 ring of intelligence
 x - a +6 ring of intelligence (left hand)
 H - a ring of willpower
 P - the ring of Natemmuu {rCorr Dex+2}
   (You took it off a deep elf zephyrmancer on level 3 of the Elven Halls)

   [ring of resist corrosion]

   Dex+2:     It affects your dexterity (+2).
   rCorr:     It protects you from acid and corrosion.
 V - a +6 ring of intelligence (right hand)
 X - the dreamshard necklace {Acrobat *Dream}
   (You found it on level 9 of the Dungeon)

   [amulet of the acrobat]

   *Dream:    It absorbs a single lethal wound into itself, holding its wearer
   just short of death and releasing dream-creatures to guard them.
   Acrobat:   It increases your evasion while moving and waiting.
Wands
 k - a wand of digging (27)
 I - a wand of roots (28)
 J - a wand of paralysis (41)
 O - a wand of acid (26)
Scrolls
 c - a scroll of summoning
 f - 3 scrolls of fog
 g - 7 scrolls of fear
 t - 7 scrolls of vulnerability
 u - 7 scrolls of immolation
 A - 2 scrolls of revelation
 C - 8 scrolls of teleportation
 U - 4 scrolls of enchant armour
Potions
 h - 7 potions of attraction
 j - 14 potions of curing
 m - 5 potions of ambrosia
 o - 4 potions of heal wounds
 p - 8 potions of brilliance
 q - 7 potions of might
 r - 6 potions of cancellation
 z - 3 potions of haste
 B - 5 potions of resistance
 D - 6 potions of enlightenment
 F - 6 potions of invisibility
 N - 3 potions of mutation
Miscellaneous
 M - a phial of floods
 Q - a phantom mirror
 S - a box of beasts
 T - a tin of tremorstones (2/2)
 Y - a lightning rod (4/4)


   Skills:
 - Level 7.1 Fighting
 - Level 5.0 Armour
 - Level 1.5 Dodging
 - Level 9.4 Stealth
 - Level 12.0 Shields
 - Level 19.4 Spellcasting
 - Level 20.0 Conjurations
 - Level 2.0 Hexes
 - Level 7.8 Summonings
 - Level 8.8 Necromancy
 - Level 4.0 Translocations
 - Level 4.0 Transmutations
 + Level 24.5 Fire Magic
 - Level 20.0 Ice Magic
 - Level 5.2 Earth Magic
 - Level 8.0 Evocations


You had 6 spell levels left.
You knew the following spells:

 Your Spells              Type           Power      Damage    Failure   Level
c - Ozocubu's Refrigerat  Ice            58%        4d20      1%          7
d - Leda's Unmaking       Conj/Erth      60%        9d10      1%          6
f - Fire Storm            Conj/Fire      73%        8d19      2%          9
g - Sublimation of Blood  Necr           85%        N/A       1%          2
l - Ignition              Fire           63%        3d17      1%          8
q - Spellforged Servitor  Conj/Summ      62%        N/A       1%          7
t - Polar Vortex          Ice            58%        12d7*     4%          9
B - Blink                 Tloc           100%       N/A       1%          2
I - Lehudib's Crystal Sp  Conj/Erth      60%        10d14     7%          8

Your spell library contained the following spells:

 Spells                   Type           Power      Damage    Failure   Level
 Foxfire                  Conj/Fire      100%       2x1d9     0%          1
 Magic Dart               Conj           100%       1d8       0%          1
 Momentum Strike          Conj/Tloc      100%       3d10      0%          2
 Scorch                   Fire           100%       2d9       0%          2
 Searing Ray              Conj           100%       2d8       0%          2
 Frozen Ramparts          Ice            100%       1d16      0%          3
 Hailstorm                Conj/Ice       100%       3d20      0%          3
 Inner Flame              Hex/Fire       99%        N/A       0%          3
 Ozocubu's Armour         Ice            100%       N/A       0%          3
 Volatile Blastmotes      Fire/Tloc      100%       2d18      0%          3
 Flame Wave               Conj/Fire      100%       2d21      0%          4
 Sticky Flame             Conj/Fire      100%       2d11      0%          4
 Fireball                 Conj/Fire      73%        3d27      0%          5
 Shock                    Conj/Air       100%       1d9       1%          1
 Slow                     Hex            100%       N/A       1%          1
 Summon Small Mammal      Summ           100%       N/A       1%          1
 Call Imp                 Summ           100%       N/A       1%          2
 Cigotuvi's Dreadful Rot  Necr/Pois/Air  100%       N/A       1%          2
 Ensorcelled Hibernation  Hex/Ice        100%       N/A       1%          2
 Lesser Beckoning         Tloc           100%       N/A       1%          2
 Poisonous Vapours        Pois/Air       78%        N/A       1%          2
 Static Discharge         Conj/Air       100%       2-7/arc   1%          2
 Wereblood                Tmut           64%        N/A       1%          2
 Call Canine Familiar     Summ           81%        N/A       1%          3
 Confusing Touch          Hex            54%        N/A       1%          3
 Dazzling Flash           Conj/Hex       100%       N/A       1%          3
 Gell's Gravitas          Tloc           64%        N/A       1%          3
 Ignite Poison            Fire/Tmut/Pois 87%        N/A       1%          3
 Mephitic Cloud           Conj/Pois/Air  96%        N/A       1%          3
 Portal Projectile        Hex/Tloc       100%       N/A       1%          3
 Stone Arrow              Conj/Erth      100%       3d13      1%          3
 Summon Guardian Golem    Hex/Summ       69%        N/A       1%          3
 Swiftness                Air            39%        N/A       1%          3
 Teleport Other           Tloc           64%        N/A       1%          3
 Tukima's Dance           Hex            54%        N/A       1%          3
 Vhi's Electric Charge    Tloc/Air       100%       N/A       1%          3
 Airstrike                Air            19%        2d(3-19)  1%          4
 Anguish                  Hex/Necr       35%        N/A       1%          4
 Animate Armour           Summ/Erth      100%       N/A       1%          4
 Animate Dead             Necr           85%        N/A       1%          4
 Fulminant Prism          Conj/Hex       57%        3d24      1%          4
 Iskenderun's Mystic Bla  Conj/Tloc      100%       2d19      1%          4
 Olgreb's Toxic Radiance  Pois           39%        N/A       1%          4
 Passage of Golubria      Tloc           64%        N/A       1%          4
 Petrify                  Tmut/Erth      67%        N/A       1%          4
 Summon Ice Beast         Ice/Summ       100%       N/A       1%          4
 Summon Lightning Spire   Summ/Air       64%        N/A       1%          4
 Agony                    Necr           85%        N/A       1%          5
 Arcjolt                  Conj/Air       55%        1d65      1%          5
 Borgnjor's Vile Clutch   Necr/Erth      39%        N/A       1%          5
 Freezing Cloud           Conj/Ice/Air   61%        6-21      1%          5
 Irradiate                Conj/Tmut      59%        3d31      1%          5
 Metabolic Englaciation   Hex/Ice        46%        N/A       1%          5
 Summon Forest            Summ/Tloc      36%        N/A       1%          5
 Yara's Violent Unravell  Hex/Tmut       29%        3d12      1%          5
 Plasma Beam              Fire/Air       48%        2x1d62    1%          6
 Simulacrum               Ice/Necr       51%        N/A       1%          6
 Starburst                Conj/Fire      73%        6d19      1%          6
 Cause Fear               Hex            27%        N/A       2%          4
 Summon Mana Viper        Hex/Summ       69%        N/A       2%          5
 Death Channel            Necr           42%        N/A       2%          6
 Summon Cactus Giant      Summ           40%        N/A       4%          6
 Silence                  Hex/Air        24%        N/A       12%         5
 Eringya's Noxious Bog    Tmut/Pois      27%        4d6       12%         6
 Dispersal                Tloc           32%        N/A       17%         6
 Orb of Destruction       Conj           70%        9d16      1%          7
 Haunt                    Necr/Summ      41%        N/A       16%         7
 Monstrous Menagerie      Summ           40%        N/A       21%         7
 Summon Hydra             Summ           40%        N/A       21%         7
 Malign Gateway           Summ/Tloc      36%        N/A       41%         7
 Borgnjor's Revivificati  Necr           42%        N/A       69%         8
 Summon Horrible Things   Summ           40%        N/A       82%         8
 Enfeeble                 Hex            27%        N/A       89%         7
 Maxwell's Capacitive Co  Air            19%        ∞         99%         8
 Discord                  Hex            27%        N/A       100%        8
 Death's Door             Necr           42%        N/A       100%        9


Dungeon Overview and Level Annotations

Branches:
Dungeon (15/15)            Temple (1/1) D:6            Lair (5/5) D:11
 Shoals (4/4) Lair:2        Snake (4/4) Lair:2        Slime (5/5) Lair:4
    Orc (2/2) D:10            Elf (3/3) Orc:2        Vaults (5/5) D:14
  Crypt (0/3) Vaults:2     Depths (4/4) D:15            Zot (5/5) Depths:4
  Sewer (visited)         Volcano (visited)

Altars:
Ashenzari
Cheibriados
Dithmenos
Elyvilon
Fedhas
Gozag
Hepliaklqana
Kikubaaqudgha
Makhleb
Nemelex Xobeh
Okawaru
Qazlal
Ru
Sif Muna
Trog
Uskayaw
Vehumet
Wu Jian
Xom
Yredelemnul
Zin
The Shining One
Jiyva
Lugonu

Shops:
D:5 (   D:8 !   D:10 [:   D:13 :   Orc:2 ([([[   Elf:1 *   Elf:2 ![
Shoals:1 [*   Shoals:3 :   Vaults:4 =   Vaults:5 ?!?!??   Depths:1 *

Portals:
Hell: Depths:1 Depths:2 Depths:3 Depths:4
Abyss: Depths:3
Pandemonium: Depths:2 Depths:3
Ziggurat: Depths:4

Annotations:
D:4 2 runed translucent doors
D:14 4 runed translucent doors, Johankok's ghost, journeyman DrBe
Elf:1 3 runed translucent doors, exclusion: obsidian statue, Ystraow's ghost, adept KoDe
Elf:2 3 runed translucent doors
Depths:3 3 runed translucent doors
Zot:4 exclusion: 2 doors


Innate Abilities, Weirdness & Mutations

Your serpentine skin is tough. (AC +9)
You have supernaturally acute eyesight. (SInv)
Armour fits poorly on your strangely shaped body.
Your system is resistant to poisons. (rPois)
You cover ground very slowly.
You can spit poison.
You can use your snake-like lower body to constrict enemies.
You passively map a small area around you.


Message History

The damnation engulfs your spellforged servitor!!
The damnation engulfs the Hell Sentinel.
The Hell Sentinel completely resists.
Casting: Spellforged Servitor (mildly dangerous; 1% risk of failure)
Confirm with . or Enter, or press ? or * to list all spells.
Aiming: Fire Storm (dangerous; 2% risk of failure)
Press: ? - help, Dir - move target You feel a surge of power!
A raging storm of fire appears!
The great blast of fire engulfs the Hell Sentinel!!
The Hell Sentinel partially resists.
The Hell Sentinel is lightly wounded.
The great blast of fire engulfs your spellforged servitor!!!
Your spellforged servitor partially resists.
You destroy your spellforged servitor!
Your spellforged servitor disappears in a puff of smoke!
Casting: Fire Storm (dangerous; 2% risk of failure)
Confirm with . or Enter, or press ? or * to list all spells.
Aiming: Fire Storm (dangerous; 2% risk of failure)
Press: ? - help, Dir - move target You feel a surge of power!
A raging storm of fire appears!
The great blast of fire engulfs the Hell Sentinel!
The Hell Sentinel partially resists.
The Hell Sentinel is moderately wounded.
Casting: Fire Storm (dangerous; 2% risk of failure)
Confirm with . or Enter, or press ? or * to list all spells.
Aiming: Leda's Unmaking (mildly dangerous; 1% risk of failure)
Press: ? - help, Shift-Dir - straight line You feel a surge of power!
Really fire in your fire vortex's direction?
The entropic shot hits the Hell Sentinel!!!
The Hell Sentinel is heavily wounded.
The Hell Sentinel hits you!! The Hell Sentinel hits you.
You take 29 damage, and have 187/216 hp.
Blink to where?
Press: ? - help, Dir - move target
As you read the scroll of blinking, it crumbles to dust.
Blink to where?
Press: ? - help, Dir - move target
As you read the scroll of blinking, it crumbles to dust.
You have escaped!

#'###...###.## #.##.#.#.#...##
##.####.##.....#
#1..#...##.....#
#v..######.###.# ##..v##
#..###.# #########
####.v8..#####..##.#
........###...........###.##.#
##.####.+.....8.@.8v....+.##.#
##.########...........######.#
.........#####..8..#########.#
#..#.###.....##...##...^.....#
#..#.........##...############
...######..####...# ..##
#........##.## ..#
#.##.######.# ..#
#.##.######+##


You could see a Hell Sentinel and 4 friendly fire vortices.

Vanquished Creatures
  the Royal Jelly (Slime:5)
  5 dread liches
  A pandemonium lord (Zot:3)
  5 orbs of fire
  Mara (Vaults:4)
  5 ancient liches (Zot:5)
  2 juggernauts (Depths:3)
  Bai Suzhen (Depths:1)
  2 Killer Klowns (Zot:5)
  A curse toe (Zot:5)
  A caustic shrike (Depths:3)
  3 golden dragons
  A pearl dragon (Abyss:2)
  A Tzitzimitl (Depths:4)
  Jorgrun (Shoals:3)
  12 tentacled monstrosities
  An electric golem (Zot:5)
  A walking earthen tome (Depths:4)
  3 deep elf blademasters (Elf:3)
  Mlioglotl (Shoals:2)
  2 walking frostbound tomes (Depths:3)
  25 Orb Guardians
  7 titans (Vaults:5)
  4 deep elf master archers (Elf:3)
  8 sphinxes
  5 quicksilver dragons
  17 acid blobs
  2 death cobs
  A kraken (Shoals:4)
  A tentacled starspawn (Abyss:2)
  9 tengu reavers
  5 shadow dragons
  6 storm dragons
  Kirke (Shoals:2)
  8 draconian monks
  9 azure jellies
  5 fire giants
  9 nagarajas (Snake:4)
  5 rockslimes
  17 vault wardens
  4 draconian knights
  5 frost giants
  2 balrugs
  3 draconian shifters
  5 draconian scorchers
  10 deep elf sorcerers
  4 ghost moths
  2 orc warlords
  2 draconian stormcallers
  3 war gargoyles
  9 quicksilver oozes
  12 ironbound preservers
  A formless jellyfish (Vaults:1)
  3 vampire knights
  9 very ugly things
  A draconian annihilator (Zot:4)
  5 ironbound thunderhulks
  13 stone giants
  7 deep elf demonologists
  5 green draconians
  10 black draconians
  Azrael (D:13)
  9 red draconians
  3 spark wasps (Depths:4)
  4 purple draconians
  7 dire elephants
  8 deep elf annihilators
  8 yellow draconians
  9 white draconians
  13 ettins
  7 deep elf death magi
  Snorg (D:12)
  A green death (Zot:2)
  7 merfolk impalers
  10 merfolk javelineers
  13 fire dragons
  14 yaktaur captains
  An entropy weaver (Vaults:5)
  4 deep elf high priests
  3 salamander tyrants
  4 hydras
  8 ice dragons
  3 rakshasas
  2 spriggan air magi (Depths:3)
  12 great orbs of eyes
  11 anacondas
  40 vault guards
  A peacekeeper (Vaults:3)
  3 ogre magi
  6 ironbound frosthearts
  2 boulder beetles
  18 centaur warriors
  3 merfolk avatars
  14 naga warriors
  An alligator snapping turtle (Shoals:4)
  5 merfolk aquamancers
  2 sphinx skeletons
  14 dancing weapons
  8 two-headed ogres
  2 satyrs
  7 deep troll earth magi
  6 deep troll shamans
  2 vampire magi
  6 death yaks (Lair:4)
  A demonic crawler (Zot:4)
  3 tengu warriors
  3 orc high priests
  A shock serpent (shapeshifter) (Elf:2)
  2 spriggan berserkers
  A sun demon (Zot:4)
  4 shock serpents
  8 naga sharpshooters
  5 skysharks
  20 deep elf knights
  7 skeletal warriors (Vaults:2)
  A hell knight (Depths:3)
  5 salamander mystics
  2 shadow wraiths (Depths:2)
  A storm dragon skeleton (Depths:3)
  2 sixfirhies
  16 sea snakes
  3 iron trolls
  38 deep trolls
  4 glowing orange brains
  2 skysharks (shapeshifter)
  An orange crystal statue (D:12)
  A golden dragon skeleton (Depths:3)
  17 deep elf archers
  8 wizards
  6 phantasmal warriors
  A swamp dragon (Lair:5)
  3 flayed ghosts
  16 ironbound convokers
  29 deep elf zephyrmancers
  An obsidian statue (D:11)
  20 lindwurms
  9 naga ritualists
  A necromancer (Depths:3)
  Pikel (D:6)
  21 deep elf pyromancers
  8 orc knights
  21 ugly things
  34 harpies
  A lindwurm (shapeshifter) (Vaults:1)
  6 shining eyes
  4 orc sorcerers
  10 manticores
  12 mana vipers
  A mana viper (shapeshifter) (Vaults:5)
  2 oklob plants (Shoals:4)
  18 fauns
  22 salamanders
  A worldbinder (Abyss:2)
  12 cyclopes
  A stone giant skeleton (Vaults:2)
  13 moths of wrath
  3 toenail golems
  22 vault sentinels
  7 guardian serpents (Snake:4)
  5 elephants (Lair:4)
  34 black mambas
  6 torpor snails
  7 merfolk sirens
  Maurice (D:8)
  A centaur zombie (D:15)
  A water nymph (shapeshifter) (Depths:3)
  3 rust devils
  An eye of devastation (Slime:5)
  10 water nymphs
  2 smoke demons (Depths:4)
  13 naga magi
  An eye of devastation (shapeshifter) (Vaults:5)
  A centaur skeleton (D:15)
  A titan simulacrum (Depths:3)
  11 cane toads
  2 molten gargoyles (Volcano)
  An unseen horror (D:12)
  5 orange demons
  2 hellions
  Maggie (D:8)
  8 rime drakes
  22 yaktaurs
  A freezing wraith (Vaults:5)
  2 efreet
  4 tengu conjurers
  12 komodo dragons
  3 ice devils
  A yaktaur skeleton (Vaults:2)
  9 trolls
  A queen bee (shapeshifter) (Vaults:1)
  36 merfolk
  A human skeleton (Vaults:2)
  6 wind drakes
  A hellwing (Depths:3)
  7 hornets
  3 tyrant leeches (Lair:5)
  37 blink frogs
  2 polar bears
  A tarantella (shapeshifter) (D:14)
  5 snapping turtles
  4 dream sheep (Shoals:3)
  35 slime creatures
  A frost giant simulacrum (Depths:3)
  Sigmund (D:6)
  A jumping spider (shapeshifter) (Depths:2)
  A centaur simulacrum (D:15)
  A culicivora (shapeshifter) (D:13)
  A spriggan (shapeshifter) (Vaults:5)
  A vampire (D:11)
  2 ynoxinuls (Abyss:2)
  22 water elementals
  2 air elementals
  An ettin skeleton (Vaults:2)
  3 wraiths
  2 wyverns
  2 shadows
  6 fire elementals
  6 hogs (Shoals:2)
  A neqoxec (Abyss:2)
  Grum (D:8)
  46 yaks
  A human (Shoals:2)
  3 golden eyes (Slime:5)
  4 basilisks
  4 steam dragons
  A large abomination (Depths:4)
  8 vampire mosquitoes (D:12)
  A chaos spawn (Depths:3)
  25 nagas
  A warg (Orc:2)
  Edmund (D:6)
  4 swamp worms (Lair:4)
  A swamp worm (shapeshifter) (Vaults:1)
  2 acid dragons
  A floating eye (shapeshifter) (Vaults:1)
  16 water moccasins
  2 black bears (shapeshifter)
  An ice beast (D:6)
  2 sky beasts
  33 orc warriors
  11 ogres
  17 wolves
  An ogre (shapeshifter) (Vaults:1)
  14 centaurs
  2 kobold brigands
  11 bullfrogs
  4 scorpions
  4 earth elementals
  2 small abominations (Abyss:2)
  5 wights (D:8)
  6 killer bees (D:10)
  6 howler monkeys
  3 electric eels
  A crimson imp (D:4)
  11 hounds
  4 jellies
  28 orc priests
  A sleepcap (D:5)
  9 iguanas
  30 orc wizards
  A boggart simulacrum (D:12)
  3 gnolls (D:6)
  9 adders
  2 river rats (D:3)
  A shadow imp (D:7)
  4 worms
  4 dart slugs
  95 orcs
  3 bats
  6 endoplasms
  3 giant cockroaches
  8 goblins
  3 hobgoblins
  5 jackals
  5 quokkas
  8 ball pythons
  A frilled lizard (D:1)
  2 goblin skeletons (D:4)
  2 hobgoblin zombies (D:4)
  16 kobolds
  2 kobold zombies (D:4)
  3 orc skeletons (D:4)
  2 orc zombies (D:4)
  2 rats (D:3)
  7 fire vortices
  2 starspawn tentacles (Abyss:2)
  3 tentacles (Shoals:4)
1969 creatures vanquished.

Vanquished Creatures (collateral kills)
  An orb of fire (Zot:5)
  An electric golem (Zot:1)
  A tentacled monstrosity (Depths:3)
  2 Orb Guardians (Zot:5)
  A sphinx (Vaults:5)
  5 shadow dragons
  The ghost of Laekhat the Brawler, an adept DrSh of Lugonu (Snake:1)
  A storm dragon (Zot:5)
  2 frost giants
  A draconian knight (Zot:1)
  2 draconian stormcallers
  A vault warden (Vaults:5)
  2 draconian annihilators
  A very ugly thing (Depths:3)
  A cacodemon (Abyss:2)
  A stone giant (Depths:1)
  2 dire elephants
  A green draconian (Zot:1)
  A red draconian (Zot:1)
  2 purple draconians
  A spark wasp (Depths:3)
  A yaktaur captain (Vaults:4)
  2 fire dragons
  A rakshasa (Depths:1)
  An ice dragon (Depths:3)
  A peacekeeper (Vaults:2)
  A naga warrior (Snake:4)
  3 two-headed ogres (Vaults:5)
  A demonic crawler (Abyss:2)
  7 dancing weapons
  A deep elf knight (Elf:1)
  A sun demon (Abyss:2)
  A titan skeleton (Vaults:2)
  A skeletal warrior (Vaults:2)
  A wretched star (Abyss:2)
  A salamander mystic (Snake:4)
  A deep troll (Vaults:2)
  2 sixfirhies (Abyss:2)
  2 harpies (Shoals:2)
  2 deep elf zephyrmancers (Elf:2)
  A necromancer (D:15)
  An ironbound convoker (Vaults:5)
  2 ugly things
  2 deep elf pyromancers (Elf:2)
  A moth of wrath (Zot:1)
  2 guardian serpents (Snake:4)
  An ancient zyme (Abyss:2)
  3 yaktaurs
  A freezing wraith (Vaults:5)
  A raiju (Abyss:2)
  A water elemental (Depths:2)
  A deep troll skeleton (Vaults:2)
  3 human skeletons (Vaults:2)
  An ogre (Vaults:5)
  2 earth elementals (Elf:1)
  A wight (Abyss:2)
  3 ufetubi (Abyss:2)
  An orc (Vaults:5)
90 creatures vanquished.

Vanquished Creatures (others)
  An orc (Orc:2)
  91 fire vortices
  887 foxfires
  A tentacle (Shoals:4)
980 creatures vanquished.

Grand Total: 3039 creatures vanquished

Notes
Turn   | Place    | Note
-------+----------+-------------------------------------------
     0 | D:1      | foff the Naga Fire Elementalist began the quest for the
                  | Orb.
     0 | D:1      | Reached XP level 1. HP: 15/15 MP: 3/3
   618 | D:1      | Reached XP level 2. HP: 22/24 MP: 5/5
   621 | D:1      | Learned a level 2 spell: Scorch
  1222 | D:1      | Reached XP level 3. HP: 24/30 MP: 6/6
  1556 | D:2      | Reached skill level 1 in Fighting
  2358 | D:3      | Reached XP level 4. HP: 37/38 MP: 2/7
  2418 | D:3      | Found a glowing drain.
  2430 | Sewer    | Entered a sewer
  2479 | Sewer    | Noticed a water moccasin
  2483 | Sewer    | Killed a water moccasin
  2484 | Sewer    | Reached XP level 5. HP: 39/45 MP: 2/9
  2699 | D:3      | Reached skill level 5 in Stealth
  2699 | D:3      | Reached XP level 6. HP: 12/52 MP: 0/10
  3176 | D:3      | Learned a level 3 spell: Inner Flame
  3181 | D:3      | Learned a level 4 spell: Flame Wave
  3358 | D:3      | Reached skill level 4 in Fire Magic
  3448 | D:3      | Found a bloodstained altar of Trog.
  4054 | D:4      | Found a large runed translucent door.
  4054 | D:4      | Found a large runed translucent door.
  4058 | D:4      | Noticed an orc warrior
  4071 | D:4      | Found a large runed translucent door.
  4071 | D:4      | Found a large runed translucent door.
  4091 | D:4      | Reached XP level 7. HP: 61/61 MP: 2/12
  4264 | D:4      | Found a glowing golden altar of the Shining One.
  4687 | D:5      | Entered Level 5 of the Dungeon
  5430 | D:5      | Found Umuggoemm's Weapon Boutique.
  5447 | D:5      | Reached skill level 5 in Fire Magic
  5447 | D:5      | Reached XP level 8. HP: 38/72 MP: 2/14
  6043 | D:6      | Noticed Edmund
  6044 | D:6      | Found a staircase to the Ecumenical Temple.
  6062 | D:6      | Killed Edmund
  6077 | Temple   | Entered the Ecumenical Temple
  6092 | Temple   | Became a worshipper of Vehumet
  6227 | D:6      | Noticed Sigmund
  6233 | D:6      | Killed Sigmund
  6356 | D:6      | Reached skill level 5 in Spellcasting
  6356 | D:6      | Reached skill level 5 in Conjurations
  6423 | D:6      | Noticed Pikel
  6429 | D:6      | Killed Pikel
  6430 | D:6      | Reached skill level 6 in Fire Magic
  6430 | D:6      | Reached XP level 9. HP: 78/78 MP: 6/17
  7431 | D:6      | Learned a level 4 spell: Iskenderun's Mystic Blast
  7451 | D:6      | Found a white marble altar of Elyvilon.
  7778 | D:7      | Reached skill level 1 in Hexes
  7780 | D:7      | Reached skill level 1 in Translocations
  7879 | D:7      | Reached skill level 1 in Shields
  7879 | D:7      | Reached * piety under Vehumet
  7879 | D:7      | Offered knowledge of Shock by Vehumet.
  8681 | D:8      | Reached skill level 7 in Fire Magic
  8681 | D:8      | Reached XP level 10. HP: 73/85 MP: 7/19
  8755 | D:8      | Noticed Grum
  8767 | D:8      | Killed Grum
  9042 | D:8      | Noticed Maurice
  9053 | D:8      | Killed Maurice
  9054 | D:8      | Reached skill level 1 in Evocations
  9202 | D:8      | Noticed a two-headed ogre
  9222 | D:8      | Killed a two-headed ogre
  9475 | D:8      | Found Lirui's Distillery.
  9485 | D:8      | Bought a potion of degeneration for 16 gold pieces
  9485 | D:8      | Bought a potion of mutation for 128 gold pieces
  9485 | D:8      | Bought a potion of lignification for 48 gold pieces
  9485 | D:8      | Bought a potion of magic for 128 gold pieces
  9658 | D:8      | Noticed Maggie
  9669 | D:8      | Killed Maggie
 10014 | D:9      | Reached ** piety under Vehumet
 10014 | D:9      | Offered knowledge of Poisonous Vapours by Vehumet.
 10296 | D:9      | Noticed a lindwurm
 10313 | D:9      | Reached skill level 1 in Armour
 10315 | D:9      | Noticed a two-headed ogre
 10323 | D:9      | Killed a two-headed ogre
 10324 | D:9      | Reached skill level 8 in Fire Magic
 10324 | D:9      | Reached XP level 11. HP: 69/92 MP: 0/21
 10473 | D:9      | Killed a lindwurm
 10482 | D:9      | Noticed a lindwurm
 10482 | D:9      | Noticed a lindwurm
 10488 | D:9      | Noticed a lindwurm
 10493 | D:9      | Killed a lindwurm
 10496 | D:9      | Killed a lindwurm
 10693 | D:9      | Killed a lindwurm
 11601 | D:9      | Found the dreamshard necklace {Acrobat *Dream}
 11628 | D:10     | Entered Level 10 of the Dungeon
 11975 | D:10     | Found Uwidusio's Tremendous Tomes.
 12192 | D:10     | Found Hodaygeff's Armour Boutique.
 12494 | D:10     | Found a staircase to the Orcish Mines.
 12606 | D:11     | Reached skill level 5 in Shields
 12833 | D:9      | Got the Annotations on Beguiling
 12876 | D:11     | Noticed an obsidian statue
 12903 | D:11     | Noticed an orc knight
 12909 | D:11     | Noticed a cyclops
 12911 | D:11     | Noticed a cyclops
 12947 | D:11     | Killed an orc knight
 12947 | D:11     | Killed a cyclops
 12948 | D:11     | Killed a cyclops
 12948 | D:11     | Offered knowledge of Ignite Poison by Vehumet.
 12959 | D:11     | Identified the +3 troll leather armour "Jolonuaj" {Regen+
                  | Str+3}
 13060 | D:11     | Reached XP level 12. HP: 99/99 MP: 14/24
 13428 | D:11     | Reached skill level 5 in Evocations
 13432 | D:11     | Found a staircase to the Lair.
 13838 | D:12     | Noticed a two-headed ogre
 13849 | D:12     | Killed a two-headed ogre
 13850 | D:12     | Reached skill level 9 in Fire Magic
 13924 | D:12     | Noticed a frost giant
 13924 | D:12     | Noticed a four-headed hydra
 13925 | D:12     | Found a transporter.
 13925 | D:12     | Found a transporter.
 13925 | D:12     | Noticed a deep troll earth mage
 13926 | D:12     | Noticed a centaur warrior
 13926 | D:12     | Noticed a tengu warrior
 13937 | D:12     | Noticed Snorg
 13940 | D:12     | Reached *** piety under Vehumet
 13945 | D:12     | Killed Snorg
 14088 | D:12     | Noticed a two-headed ogre
 14100 | D:12     | Killed a two-headed ogre
 14283 | D:12     | Found a burning altar of Makhleb.
 14283 | D:12     | Noticed a green death
 14321 | D:12     | Noticed a two-headed ogre
 14327 | D:12     | Killed a two-headed ogre
 14328 | D:12     | Noticed a boulder beetle
 14346 | D:12     | Killed a boulder beetle
 14639 | D:13     | Noticed a centaur warrior
 14650 | D:13     | Killed a centaur warrior
 14867 | D:13     | Noticed a centaur warrior
 14881 | D:13     | Killed a centaur warrior
 14882 | D:13     | Reached skill level 5 in Armour
 15145 | D:13     | Noticed a death knight
 15254 | D:13     | Found Pioschai's Book Shoppe.
 15267 | D:13     | Bought a book of Alchemy for 364 gold pieces
 15273 | D:13     | Learned a level 5 spell: Irradiate
 15276 | D:13     | Learned a level 2 spell: Sublimation of Blood
 15585 | D:14     | Noticed an ice dragon
 15585 | D:14     | Noticed an ice dragon
 15585 | D:14     | Found a runed translucent door.
 15587 | D:14     | Noticed a fire dragon
 15587 | D:14     | Found the +2 shield of Resistance {rF++ rC++ Will++}
 15587 | D:14     | Noticed a fire dragon
 15720 | D:8      | Bought a potion of mutation for 128 gold pieces
 15720 | D:8      | Bought a potion of curing for 48 gold pieces
 15849 | D:13     | Noticed Azrael
 15878 | D:14     | Gained mutation: You can use your snake-like lower body to
                  | constrict enemies. [Naga growth]
 15878 | D:14     | Reached XP level 13. HP: 105/105 MP: 19/26
 16031 | D:14     | Found a runed translucent door.
 16073 | D:14     | Reached skill level 1 in Necromancy
 16073 | D:14     | Reached skill level 1 in Transmutations
 16074 | D:14     | Reached skill level 10 in Fire Magic
 16244 | D:14     | Found a gate to the Vaults.
 16244 | D:14     | Noticed a vault guard
 16244 | D:14     | Noticed a vault guard
 16244 | D:14     | Noticed a vault guard
 16244 | D:14     | Noticed a vault guard
 16244 | D:14     | Noticed a vault guard
 16244 | D:14     | Noticed a vault guard
 16244 | D:14     | Noticed a vault guard
 16247 | D:14     | Noticed a vault guard
 16259 | D:14     | Killed a vault guard
 16259 | D:14     | Killed a vault guard
 16259 | D:14     | Killed a vault guard
 16259 | D:14     | Offered knowledge of Frozen Ramparts by Vehumet.
 16271 | D:14     | Killed a vault guard
 16275 | D:14     | Killed a vault guard
 16285 | D:14     | Killed a vault guard
 16290 | D:14     | Killed a vault guard
 16292 | D:14     | Killed a vault guard
 16396 | D:14     | Reached skill level 10 in Conjurations
 16814 | D:14     | Found a runed translucent gate.
 16815 | D:14     | Found a runed translucent gate.
 16815 | D:14     | Found a runed translucent gate.
 16815 | D:14     | Noticed Johankok's ghost (journeyman DrBe)
 16815 | D:14     | Noticed a rockslime
 16816 | D:14     | Noticed a rockslime
 16819 | D:14     | Found a viscous altar of Jiyva.
 16829 | D:15     | Entered Level 15 of the Dungeon
 17334 | D:15     | Found the +3 warlock's mirror {omnireflect}
 17540 | D:15     | Reached **** piety under Vehumet
 17541 | D:15     | Reached XP level 14. HP: 114/114 MP: 20/27
 18216 | Orc:1    | Entered Level 1 of the Orcish Mines
 18262 | Orc:1    | Offered knowledge of Freezing Cloud by Vehumet.
 18526 | Orc:2    | Entered Level 2 of the Orcish Mines
 18533 | Orc:2    | Found Abbar's Antique Armour Shoppe.
 18554 | Orc:2    | Noticed an orc warlord
 18558 | Orc:2    | Reached skill level 10 in Spellcasting
 18567 | Orc:2    | Killed an orc warlord
 18590 | Orc:2    | Reached ***** piety under Vehumet
 18595 | Orc:2    | Offered knowledge of Ozocubu's Refrigeration by Vehumet.
 18616 | Orc:1    | Learned a level 7 spell: Ozocubu's Refrigeration
 18804 | Orc:2    | Reached skill level 11 in Fire Magic
 18845 | Orc:2    | Found a staircase to the Elven Halls.
 18863 | Orc:2    | Reached skill level 1 in Ice Magic
 18946 | Orc:2    | Found Nuton's Armour Emporium.
 19090 | Orc:2    | Found Nusust's Antique Weapon Shop.
 19130 | Orc:2    | Found Umuketas's Antique Weapon Shop.
 19132 | Orc:2    | Found Mosa Bollao's Antique Armour Boutique.
 19481 | Lair:1   | Entered Level 1 of the Lair of Beasts
 19489 | Lair:1   | Reached skill level 5 in Necromancy
 19822 | Lair:1   | Found a dark tunnel.
 19828 | Volcano  | Entered a volcano
 20571 | Lair:1   | Reached skill level 5 in Ice Magic
 21018 | Lair:2   | Reached XP level 15. HP: 68/120 MP: 18/29
 21103 | Lair:2   | Found a staircase to the Snake Pit.
 21276 | Lair:2   | Found a staircase to the Shoals.
 21580 | Lair:3   | Identified the ring "Honau" {*Slow rC++ Will+ Int+4}
 22132 | Lair:3   | Offered knowledge of Conjure Ball Lightning by Vehumet.
 22576 | Lair:4   | Found a transporter.
 23176 | Lair:4   | Found a viscous altar of Jiyva.
 23178 | Lair:4   | Found a staircase to the Slime Pits.
 23185 | Lair:4   | Found a transporter.
 23283 | Lair:4   | Identified the amulet of Joruiz {RegenMP Rampage *Corrode
                  | +Blink rC+++}
 23455 | Lair:5   | Entered Level 5 of the Lair of Beasts
 23971 | Lair:5   | Reached skill level 10 in Ice Magic
 24173 | Lair:5   | Offered knowledge of Lee's Rapid Deconstruction by Vehumet.
 24827 | Lair:5   | Found a runed translucent door.
 24947 | Lair:5   | Reached XP level 16. HP: 54/127 MP: 29/32
 25373 | D:10     | Bought the Codex of the Flashy Wind for 1316 gold pieces
 25380 | D:10     | Learned a level 6 spell: Starburst
 25459 | D:12     | Gained mutation: You occasionally lose the ability to drink
                  | potions when taking damage. [mutagenic glow]
 25497 | D:12     | Lost mutation: You occasionally lose the ability to drink
                  | potions when taking damage. [potion of mutation]
 25497 | D:12     | Gained mutation: Your mind is acute. (Int +4, Str/Dex -1)
                  | [potion of mutation]
 25497 | D:12     | Gained mutation: Your flesh is cold resistant. (rC+)
                  | [potion of mutation]
 25497 | D:12     | Gained mutation: You are frail. (-10% HP) [potion of
                  | mutation]
 25497 | D:12     | Gained mutation: You are somewhat resistant to further
                  | mutation. [potion of mutation]
 25639 | Snake:1  | Entered Level 1 of the Snake Pit
 25818 | Snake:1  | Found a runed translucent door.
 25879 | Snake:1  | Noticed Laekhat's ghost (adept DrSh)
 25923 | Snake:1  | Killed Laekhat's ghost
 27544 | Snake:2  | Offered knowledge of Plasma Beam by Vehumet.
 27562 | Snake:2  | Learned a level 7 spell: Spellforged Servitor
 28239 | Snake:2  | Reached skill level 1 in Summonings
 29007 | Snake:3  | Reached XP level 17. HP: 118/119 MP: 5/34
 29651 | Snake:4  | Entered Level 4 of the Snake Pit
 30747 | Snake:4  | Reached ****** piety under Vehumet
 30867 | Snake:4  | Offered knowledge of Leda's Unmaking by Vehumet.
 30879 | Snake:4  | Learned a level 6 spell: Leda's Unmaking
 30910 | Snake:4  | Reached skill level 15 in Ice Magic
 31222 | Snake:4  | Reached skill level 5 in Summonings
 31294 | Snake:4  | Got a serpentine rune of Zot
 31751 | D:4      | Identified the +1 leather armour "Ykegeddi" {rElec Dex+5}
 32097 | Elf:1    | Entered Level 1 of the Elven Halls
 32271 | Elf:1    | Reached XP level 18. HP: 126/126 MP: 29/36
 32362 | Elf:1    | Found a runed translucent gate.
 32470 | Elf:1    | Found a runed translucent gate.
 32470 | Elf:1    | Found an opulent altar of Gozag.
 32471 | Elf:1    | Found a runed translucent gate.
 32473 | Elf:1    | Noticed Ystraow's ghost (adept KoDe)
 32482 | Elf:1    | Reached skill level 1 in Earth Magic
 32519 | Elf:1    | Found Wifatt's Overcharged Wands.
 32520 | Elf:1    | Offered knowledge of Yara's Violent Unravelling by Vehumet.
 32571 | Abyss:2  | Cast into level 2 of the Abyss (a deep elf demonologist)
 32655 | Abyss:2  | Found a corrupted altar of Lugonu.
 32868 | Abyss:2  | Noticed a pearl dragon
 32877 | Abyss:2  | Killed a pearl dragon
 32913 | Abyss:2  | Noticed a dread lich
 32919 | Abyss:2  | Noticed a Brimstone Fiend
 32922 | Abyss:2  | Noticed a Brimstone Fiend
 32925 | Abyss:2  | Killed a dread lich
 32928 | Elf:1    | Escaped the Abyss
 33186 | Elf:1    | Got the Discourse on Arcane Combat and the Flock
 33803 | Elf:2    | Found Egroicusi's Armour Boutique.
 33947 | Elf:2    | Found a runed translucent gate.
 33948 | Elf:2    | Found a runed translucent gate.
 33948 | Elf:2    | Found a runed translucent gate.
 34027 | Elf:2    | Learned a level 2 spell: Blink
 34039 | Elf:2    | Offered knowledge of Ignition by Vehumet.
 34137 | Elf:2    | Learned a level 8 spell: Ignition
 34345 | Elf:2    | Found Qulonn's Distillery.
 34377 | Elf:2    | Bought 2 potions of heal wounds for 180 gold pieces
 34377 | Elf:2    | Bought a potion of invisibility for 144 gold pieces
 34377 | Elf:2    | Bought a potion of curing for 54 gold pieces
 34624 | Elf:3    | Entered Level 3 of the Elven Halls
 34626 | Elf:3    | Reached XP level 19. HP: 132/132 MP: 37/37
 35061 | Elf:3    | Identified the ring "Xomemnu" {Ice Slay+3}
 35064 | Elf:3    | Reached skill level 12 in Fire Magic
 35087 | Elf:3    | Identified the +5 trident of the Fortifying Gods {flame,
                  | rPois rF- MP+9}
 35087 | Elf:3    | Identified the ring of Ydota {Will+ Str+2 Int+6 Dex-4}
 35089 | Elf:3    | Reached skill level 15 in Spellcasting
 35090 | Elf:3    | Identified the +8 scimitar "Amiamas" {protect, Fly rF+
                  | Dex-5}
 35094 | Elf:3    | Offered knowledge of Lehudib's Crystal Spear by Vehumet.
 35094 | Elf:3    | Offered knowledge of Fire Storm by Vehumet.
 35094 | Elf:3    | Offered knowledge of Polar Vortex by Vehumet.
 35095 | Elf:3    | Identified the ring of Natemmuu {rCorr Dex+2}
 35580 | Elf:3    | Reached skill level 13 in Fire Magic
 35643 | Elf:3    | Identified the amulet of the Akabeko {Reflect Rampage
                  | Slay+3 SH+5}
 35702 | Elf:3    | Got Xonoh's Elucidation of the Unfortunate Boggart
 35716 | Elf:3    | Identified the staff "Iqofomam" {rPois rN+ Str+3 Int+4
                  | Necro}
 35872 | Elf:2    | Found a shimmering blue altar of Sif Muna.
 36070 | Shoals:1 | Entered Level 1 of the Shoals
 36211 | Shoals:1 | Found Buobuwko's CLEARANCE SALE!.
 36362 | Shoals:1 | Found Vajymol's Armour Shoppe.
 36717 | Shoals:2 | Noticed Kirke
 36723 | Shoals:2 | Killed Kirke
 36724 | Shoals:2 | Reached XP level 20. HP: 121/138 MP: 16/39
 36876 | Shoals:2 | Noticed Mlioglotl
 36888 | Shoals:2 | Killed Mlioglotl
 37312 | Shoals:3 | Reached skill level 14 in Fire Magic
 37349 | Shoals:3 | Found Lairynk's Book Shop.
 37630 | Shoals:3 | Noticed Jorgrun
 37634 | Shoals:3 | Killed Jorgrun
 38032 | Shoals:4 | Entered Level 4 of the Shoals
 38252 | Shoals:4 | Got a barnacled rune of Zot
 38378 | Shoals:4 | Reached skill level 15 in Fire Magic
 38639 | Shoals:4 | Reached skill level 15 in Conjurations
 38669 | Shoals:4 | Identified the +2 leather armour "Zeocveg" {Int+3 Slay+2}
 38995 | D:11     | Upgraded the game from 0.31-a0-610-g6b635dc to
                  | 0.31-a0-614-gc85dc1c
 39132 | D:13     | Killed Azrael
 39616 | Vaults:1 | Entered Level 1 of the Vaults
 39826 | Vaults:1 | Reached XP level 21. HP: 145/145 MP: 31/41
 40715 | Vaults:2 | Reached skill level 16 in Fire Magic
 41278 | Vaults:2 | Found a staircase to the Crypt.
 42077 | Vaults:3 | Reached XP level 22. HP: 61/152 MP: 35/42
 42197 | Vaults:3 | Reached skill level 17 in Fire Magic
 42270 | Vaults:3 | Reached skill level 10 in Shields
 43347 | Vaults:4 | Noticed Mara
 43357 | Vaults:4 | Killed Mara
 43436 | Vaults:4 | Found Bujil's Jewellery Shop.
 43451 | Vaults:4 | Bought the macabre finger necklace {Finger+ rN+} for 640
                  | gold pieces
 43451 | Vaults:4 | Found the macabre finger necklace {Finger+ rN+}
 43451 | Vaults:4 | Bought a +6 ring of intelligence for 576 gold pieces
 44186 | Vaults:5 | Entered Level 5 of the Vaults
 44188 | Vaults:5 | Reached skill level 18 in Fire Magic
 44192 | Vaults:5 | Reached skill level 5 in Fighting
 44537 | Vaults:5 | Reached XP level 23. HP: 162/162 MP: 12/44
 44817 | Vaults:5 | Noticed a dread lich
 44825 | Vaults:5 | Killed a dread lich
 45441 | Vaults:5 | Noticed a dread lich
 45451 | Vaults:5 | Killed a dread lich
 45472 | Vaults:5 | Identified the +6 flail of Qichyobb {pain, *Noise rElec
                  | Int-3 SInv}
 45473 | Vaults:5 | Identified the +3 war axe "Ocziop" {vamp, MP+9 Int+2}
 46778 | Vaults:5 | Got a silver rune of Zot
 46867 | Vaults:5 | Identified the +4 plate armour of Senwoudgh {Will+ Dex+4}
 47343 | Vaults:5 | Noticed a golden dragon
 47348 | Vaults:5 | Killed a golden dragon
 47486 | Vaults:5 | Reached skill level 19 in Fire Magic
 47500 | Vaults:5 | Found Gobeetoj's Distillery.
 47504 | Vaults:5 | Found Tohyjy Arakk's Magic Scroll Boutique.
 47505 | Vaults:5 | Bought a potion of curing for 51 gold pieces
 47505 | Vaults:5 | Bought 2 potions of invisibility for 272 gold pieces
 47505 | Vaults:5 | Bought a potion of curing for 51 gold pieces
 47505 | Vaults:5 | Bought a potion of mutation for 136 gold pieces
 47505 | Vaults:5 | Bought 2 potions of magic for 272 gold pieces
 47535 | Vaults:5 | Found Dodiat's Magic Scroll Shop.
 47543 | Vaults:5 | Bought a scroll of revelation for 135 gold pieces
 47543 | Vaults:5 | Bought a scroll of teleportation for 54 gold pieces
 47560 | Vaults:5 | Found Ramyek's Magic Scroll Boutique.
 47575 | Vaults:5 | Found Sakhivui's Distillery.
 47579 | Vaults:5 | Bought a potion of mutation for 120 gold pieces
 47579 | Vaults:5 | Bought 2 potions of heal wounds for 150 gold pieces
 47579 | Vaults:5 | Bought a potion of haste for 150 gold pieces
 47600 | Vaults:5 | Found Muciw's Magic Scroll Shoppe.
 48122 | Elf:2    | Bought a +0 pair of gloves of dexterity for 184 gold pieces
 48445 | D:4      | Learned a level 9 spell: Polar Vortex
 48732 | Slime:1  | Entered Level 1 of the Pits of Slime
 48948 | Slime:3  | Gained mutation: Your magical capacity is low. (-10% MP) [a
                  | shining eye]
 49213 | Slime:5  | Entered Level 5 of the Pits of Slime
 49237 | Slime:5  | Found a viscous altar of Jiyva.
 49249 | Slime:5  | Reached XP level 24. HP: 151/175 MP: 21/40
 49440 | Slime:5  | Noticed the Royal Jelly
 50215 | Slime:5  | Killed the Royal Jelly
 50382 | Slime:5  | Got the Essays on Dislocation
 50390 | Slime:5  | Lost mutation: Your mind is acute. (Int +4, Str/Dex -1) [a
                  | shining eye]
 50425 | Slime:5  | Identified the +6 triple crossbow of Sefiray {freeze, rC-
                  | rN+++}
 50447 | Slime:5  | Identified the +0 scale mail of the Devil {Will+ Str+4
                  | Int+2 Stlth-}
 50448 | Slime:5  | Identified the +0 short sword of Anuilof {drain, rN++
                  | rCorr}
 50471 | Slime:5  | Got a slimy rune of Zot
 50487 | Slime:5  | Identified the +9 quarterstaff of Divine Reinforcement
                  | {freeze, Int+4}
 50491 | Slime:5  | Identified the +6 mace "Jaidekoq" {freeze, *Corrode rElec
                  | rC+ SInv}
 50513 | Slime:5  | Identified the +2 great sword of Amortisation {freeze, Fly
                  | rF- rN+}
 50992 | D:1      | Lost mutation: Your magical capacity is low. (-10% MP)
                  | [potion of mutation]
 50992 | D:1      | Lost mutation: Your flesh is cold resistant. (rC+) [potion
                  | of mutation]
 50992 | D:1      | Gained mutation: Your flesh is heat resistant. (rF+)
                  | [potion of mutation]
 50993 | D:1      | Lost mutation: You are frail. (-10% HP) [potion of
                  | mutation]
 50993 | D:1      | Lost mutation: You are somewhat resistant to further
                  | mutation. [potion of mutation]
 50993 | D:1      | Lost mutation: Your flesh is heat resistant. (rF+) [potion
                  | of mutation]
 50993 | D:1      | Gained mutation: Your body sometimes deteriorates upon
                  | taking damage. [potion of mutation]
 50993 | D:1      | Gained mutation: You have hidden genetic potential. [potion
                  | of mutation]
 50993 | D:1      | Gained mutation: Your tail ends in a venomous barb. [potion
                  | of mutation]
 50994 | D:1      | Lost mutation: You have hidden genetic potential. [potion
                  | of mutation]
 50994 | D:1      | Lost mutation: Your tail ends in a venomous barb. [potion
                  | of mutation]
 50994 | D:1      | Lost mutation: Your body sometimes deteriorates upon taking
                  | damage. [potion of mutation]
 50994 | D:1      | Gained mutation: You occasionally lose the ability to drink
                  | potions when taking damage. [potion of mutation]
 50994 | D:1      | Gained mutation: You are clumsy. (Dex -2) [potion of
                  | mutation]
 50994 | D:1      | Gained mutation: Your body sometimes deteriorates upon
                  | taking damage. [potion of mutation]
 50995 | D:1      | Lost mutation: You occasionally lose the ability to drink
                  | potions when taking damage. [potion of mutation]
 50995 | D:1      | Lost mutation: Your body sometimes deteriorates upon taking
                  | damage. [potion of mutation]
 50995 | D:1      | Gained mutation: You can exhale a cloud of poison. [potion
                  | of mutation]
 50995 | D:1      | Gained mutation: Your spells are a little easier to cast,
                  | but a little less powerful. [potion of mutation]
 50996 | D:1      | Lost mutation: Your spells are a little easier to cast, but
                  | a little less powerful. [potion of mutation]
 50996 | D:1      | Lost mutation: You are clumsy. (Dex -2) [potion of
                  | mutation]
 50996 | D:1      | Lost mutation: You can exhale a cloud of poison. [potion of
                  | mutation]
 50996 | D:1      | Gained mutation: You passively map a small area around you.
                  | [potion of mutation]
 51330 | D:15     | Identified the +6 scale mail of Wurag {Fly Str+2}
 51338 | D:15     | Found a staircase to the Depths.
 51343 | Depths:1 | Entered Level 1 of the Depths
 51471 | Depths:1 | Found Kiva's Assorted Antiques.
 51501 | Depths:1 | Found a broken altar of Ashenzari.
 51557 | Depths:1 | Found a gateway to Hell.
 51572 | Depths:1 | Noticed Bai Suzhen
 51581 | Depths:1 | Killed Bai Suzhen
 52568 | Depths:2 | Found a one-way gate leading to the halls of Pandemonium.
 53037 | Depths:2 | Identified the +0 long sword of the Illusory Artists
                  | {flame, +Blink rC- Str+6 Int+2}
 53071 | Depths:3 | Found a one-way gate to the infinite horrors of the Abyss.
 53073 | Depths:3 | Found a corrupted altar of Lugonu.
 53120 | Depths:3 | Reached skill level 20 in Fire Magic
 53200 | Depths:3 | You fall into a shaft and drop 1 floor!
 53200 | Depths:4 | Entered Level 4 of the Depths
 53212 | Depths:3 | Found an iron altar of Okawaru.
 53475 | Depths:3 | Found a runed translucent door.
 53475 | Depths:3 | Found a runed translucent door.
 53494 | Depths:3 | Noticed a juggernaut
 53496 | Depths:3 | Noticed a caustic shrike
 53771 | Depths:3 | Noticed a juggernaut
 53777 | Depths:3 | Killed a juggernaut
 53927 | Depths:3 | Killed a caustic shrike
 54017 | Depths:3 | Killed a juggernaut
 54033 | Depths:3 | Identified the ring of the Doge {Wiz Fly rElec rN+}
 54179 | Depths:3 | Found a runed translucent door.
 54630 | Depths:4 | Reached XP level 25. HP: 201/201 MP: 28/46
 54663 | Depths:4 | Found a one-way gateway to a ziggurat.
 54712 | Depths:4 | Learned a level 9 spell: Fire Storm
 55140 | Depths:4 | Found a gate to the Realm of Zot.
 55658 | Vaults:5 | Bought a scroll of amnesia for 88 gold pieces
 55658 | Vaults:5 | Bought a scroll of summoning for 209 gold pieces
 55672 | Vaults:5 | Learned a level 8 spell: Lehudib's Crystal Spear
 55999 | Zot:1    | Entered Level 1 of the Realm of Zot
 55999 | Zot:1    | Found the +2 hood of the Assassin {Detect Stab+ Stlth++}
 56315 | Zot:1    | Reached skill level 21 in Fire Magic
 57170 | Zot:1    | Identified the +9 longbow of Twilight {heavy, rCorr Int+4
                  | Dex+3 Stlth-}
 57336 | Zot:2    | Noticed an orb of fire
 58096 | Zot:2    | Killed an orb of fire
 58282 | Zot:2    | You are sucked into a shaft and drop 1 floor!
 58297 | Zot:3    | Identified the +1 falchion "Pitiecl Tyfa" {venom, rN+
                  | Dex+3}
 58345 | Zot:4    | Reached skill level 5 in Earth Magic
 58671 | Zot:5    | Entered Level 5 of the Realm of Zot
 59113 | Zot:5    | Reached XP level 26. HP: 210/210 MP: 36/46
 59361 | Zot:5    | Reached skill level 22 in Fire Magic
 59372 | Zot:5    | Noticed an orb of fire
 59372 | Zot:5    | Noticed an orb of fire
 59374 | Zot:5    | Noticed an orb of fire
 59376 | Zot:5    | Killed an orb of fire
 59376 | Zot:5    | Killed an orb of fire
 59377 | Zot:5    | Killed an orb of fire
 59378 | Zot:5    | Killed an ancient lich
 59380 | Zot:5    | Killed an orb of fire
 59384 | Zot:5    | Noticed an orb of fire
 59385 | Zot:5    | Killed an orb of fire
 59387 | Zot:5    | Killed a dread lich
 59391 | Zot:5    | Killed a Killer Klown
 59394 | Zot:5    | Noticed a dread lich
 59395 | Zot:5    | Killed a dread lich
 59409 | Zot:5    | Killed an ancient lich
 59409 | Zot:5    | Killed an ancient lich
 59410 | Zot:5    | Noticed an ancient lich
 59410 | Zot:5    | Noticed an ancient lich
 59411 | Zot:5    | Killed an ancient lich
 59412 | Zot:5    | Reached skill level 23 in Fire Magic
 59414 | Zot:5    | Killed an ancient lich
 59567 | Zot:5    | Identified the +3 mace "Weckayf" {freeze, *Corrode rN+
                  | Str+5}
 59586 | Zot:5    | Killed a Killer Klown
 59838 | Zot:5    | Reached skill level 24 in Fire Magic
 59926 | Zot:5    | Got the Orb of Zot
 60002 | Zot:3    | Noticed Wyarohadgh the pandemonium lord
 60007 | Zot:3    | Killed Wyarohadgh the pandemonium lord
 60510 | D:6      | Reached XP level 27. HP: 215/216 MP: 23/46
 60615 | D:$      | Escaped with the Orb!

Illustrated notes

Levels and vault maps discovered:
D:1:      evilmike_arrival_plus, layout_loops_ring, minivault_26
D:2:      layout_rooms, palyth_stone_intersect
D:3:      cheibrodos_helix_gallery, layout_basic, general_overflow_altar,
          lightli_sewer_entry_pipes
D:4:      kennysheep_spiral_hall, layout_gridville,
          nicolae_tso_besieged_by_evil, minmay_hollow_rounded_squares
D:5:      layout_basic, serial_shops, shop
D:6:      layout_basic, overflow_temple_1_default, minmay_temple_entry_statues,
          uniq_edmund, uniq_pikel, uniq_sigmund
D:7:      layout_loops_corners, kennysheep_potato
D:8:      layout_rooms, serial_shops, shop, kennysheep_generic_room_3,
          uniq_maurice, uniq_grum, uniq_maggie
D:9:      layout_stronghold, minmay_lindwurm_lava
D:10:     layout_roguey, orc_0_dummy, serial_shops, nicolae_shop_hallway_plus,
          nicolae_shop_i_like_big_books, nicolae_concentric_dashed_squares_mild
D:11:     layout_roguey, erik_lair_island, minivault_16,
          onia_ninara_dug_in_and_dangerous
D:12:     gammafunk_sealed_arena, layout_small_grid, makhleb_altar_promises_db,
          uniq_snorg
D:13:     layout_loops_ring, serial_shops, shop, uniq_azrael
D:14:     layout_loops_corners, erik_vaults_2, gammafunk_ghost_ooze,
          minmay_guarded_unrand_resistance
D:15:     grunt_enter_depths_magical_seal, layout_basic, serial_bayou_shore_a
Temple:   hellmonk_temple_of_storms
Lair:1:   layout_concentric_octagons, nicolae_volcano_entry_hallway,
          grunt_megastairs_1
Lair:2:   layout_misc_corridors, minmay_shoals_entry_centaurs,
          guppyfry_snake_entry_island
Lair:3:   layout_cave_pods, chequers_serial_rivers_large_b
Lair:4:   gammafunk_worm_tunnel, layout_long_grid, slime_entry_1, minivault_19,
          grunt_megastairs_4
Lair:5:   wormcave, layout_regular_city, guppyfry_lair_end_dragon
Shoals:1: layout_shoals, serial_shops, nicolae_shop_back_alley_shop,
          nicolae_shop_clearance
Shoals:2: layout_shoals, nicolae_shoals_mertower, uniq_kirke, uniq_mlioglotl
Shoals:3: layout_shoals, serial_shops, nicolae_shop_peninsula,
          nicolae_shoals_water_shrine, uniq_jorgrun
Shoals:4: shoals_end_hangedman, layout_shoals, nicolae_shoals_this_corrosion
Snake:1:  layout_honeycomb, ebering_ghost_reflecting_pool
Snake:2:  layout_chambers
Snake:3:  layout_onion_interference, grunt_megastairs_2
Snake:4:  grunt_snake_rune_spirals, layout_concentric_octagons, drop_trap
Slime:1:  layout_caves
Slime:2:  layout_caves, uniq_dissolution
Slime:3:  layout_caves, nicolae_slime_round_cave
Slime:4:  layout_caves
Slime:5:  slime_pit_nicolae_amoeboid
Orc:1:    layout_diamond_mine
Orc:2:    grunt_orc_community_town_hall, layout_caves,
          grunt_orc_community_big_house_1, grunt_orc_community_big_house_2,
          grunt_orc_community_house_3, grunt_orc_community_house_2,
          grunt_orc_community_house_3, grunt_orc_community_house_2,
          grunt_orc_community_house_3, serial_shops, shop
Elf:1:    eino_elf_arrival_sip, layout_rooms, ebering_ghost_gozag,
          minmay_elf_sorcery, nicolae_shop_overcharged_wands
Elf:2:    nicolae_elf_blades_crystal_corner, layout_onion_city, serial_shops,
          shop, nicolae_shop_tiny_waterfront, lemuel_upstairs_altar,
          lemuel_elevator
Elf:3:    minmay_elf_hall_furrowed, layout_rooms
Vaults:1: vaults_room_pools, nicolae_vaults_more_shelving_1, v_rooms_4,
          ontoclasm_vaults_misaligned, v_misc_24, v_misc_28,
          ontoclasm_vaults_tryst, nicolae_vaults_heart-shaped_vault,
          nicolae_vaults_loss_of_containment, layout_vaults_omnicross
Vaults:2: hangedman_vaults_restitches, minmay_crypt_entry_skeletal_spiral,
          hangedman_vaults_restitches, nicolae_vaults_tetromino_T_2,
          nicolae_vaults_meiosis, nicolae_vaults_network_quincunx
          [nicolae_vaults_network_quincunx_subvault,
          nicolae_vaults_network_quincunx_subvault,
          nicolae_vaults_network_quincunx_subvault,
          nicolae_vaults_network_quincunx_subvault,
          nicolae_vaults_network_quincunx_subvault],
          vaults_mumra_minichess_inversion, v_misc_19,
          nicolae_vaults_trapezoid_layered, st_lines,
          nicolae_vaults_little_squares_5, layout_vaults_omnibox
Vaults:3: vaults_dpeg_ring, v_alt_pattern_5, v_misc_22,
          nicolae_vaults_sesquioval_fish, ontoclasm_vaults_claustrophobia,
          nicolae_vaults_antechamber_and_loot_room,
          nicolae_vaults_mini_display_case, layout_vaults_quadrants
Vaults:4: nicolae_vaults_tetromino_Z_2, nicolae_vaults_yaktaur_gun_rack,
          nicolae_vaults_wine_cellar, nicolae_vaults_octothorpe,
          hangedman_vaults_nodes, hangedman_vaults_restitches,
          layout_vaults_big_room, serial_shops, shop, uniq_mara
Vaults:5
Depths:1: layout_cave_pools, hell_entry, nrook_mini_vaults,
          cheibrodos_ashenzari_chains, minmay_shop_star, uniq_bai_suzhen
Depths:2: minmay_haunted_quarter, layout_twisted_cross,
          grunt_pan_entry_in_and_out, pf_coc_iceberg,
          chequers_serial_rivers_small_3, kennysheep_path_1,
          minmay_staircase_bubble
Depths:3: minmay_the_grid_triangle_9x9_recursive_3_mashed
          [minmay_the_grid_triangle_9x9_negative_grid,
          minmay_the_grid_triangle_9x9_subtriangle,
          minmay_the_grid_triangle_9x9_pentomino_pain,
          minmay_the_grid_triangle_9x9_prize_center,
          minmay_the_grid_triangle_9x9_intruding_spiral,
          minmay_the_grid_triangle_9x9_tough_junction,
          minmay_the_grid_triangle_9x9_limited_checkers,
          minmay_the_grid_triangle_9x9_sprig,
          minmay_the_grid_triangle_9x9_thin_v], layout_long_grid, hell_entry,
          okawaru_trees_1, abyss_entry_flame_altar, rand_demon_pan_entry_1,
          firewood_loft, infiniplex_staircase_river
Depths:4: evilmike_zot_entry_hall, layout_cave_pools, ziggurat_fallback,
          minmay_misc_feat_columns, lightli_too_deep,
          chequers_serial_rivers_small_b
Zot:1:    layout_basic
Zot:2:    layout_misc_corridors, grunt_ministairs_12
Zot:3:    layout_onion
Zot:4:    cheibrodos_zot_enchanting_chambers, layout_basic
Zot:5:    layout_misc_corridors

Skill      XL: |  1  2  3  4  5  6  7  8  9 10 11 12 13 14 15 16 17 18 19 20 21 22 23 24 25 26 |
---------------+-------------------------------------------------------------------------------+-----
Fighting       | 1 2 3 4 5 7 |  7.1
Stealth        | 4 5 6 9 |  9.4
Conjurations   | 2 3 4 5 6 7 8 9 10 11 12 13 14 15 16 17 19 20 | 20.0
Spellcasting   | 3 4 5 6 7 8 9 10 12 13 14 15 16 17 19 | 19.4
Fire Magic     | 4 5 6 7 8 9 10 11 13 15 16 18 19 20 21 24 | 24.5
Hexes          | 2 |  2.0
Translocations | 2 4 |  4.0
Shields        | 2 4 5 6 7 8 9 10 11 12 | 12.0
Evocations     | 3 4 6 7 8 |  8.0
Armour         | 1 3 5 |  5.0
Necromancy     | 3 5 6 7 8 |  8.8
Transmutations | 3 4 |  4.0
Ice Magic      | 5 11 13 15 16 17 18 19 20 | 20.0
Summonings     | 2 5 7 |  7.8
Earth Magic    | 3 5 |  5.2
Dodging        | |  1.5

Action                     |  1- 3 |  4- 6 |  7- 9 | 10-12 | 13-15 | 16-18 | 19-21 | 22-24 | 25-27 || total
---------------------------+-------+-------+-------+-------+-------+-------+-------+-------+-------++-------
  Melee: Dagger            |    33 |     6 |   157 |    56 |   366 |     3 |       |       |       ||   621
         Punch             |       |       |     7 |       |       |       |       |       |       ||     7
         Constrict         |       |       |       |       |    77 |    12 |    10 |     2 |       ||   101
         Staff             |       |       |       |       |       |    42 |    26 |     8 |     4 ||    80
   Fire: Longbow           |       |       |     8 |       |       |       |       |       |       ||     8
  Throw: Dart              |       |     1 |       |     5 |       |       |       |       |       ||     6
   Cast: Foxfire           |    47 |    59 |   125 |   202 |    86 |       |       |       |       ||   519
         Scorch            |     6 |    13 |    62 |   100 |    44 |     2 |       |       |       ||   227
         Inner Flame       |       |       |     3 |    11 |     2 |       |       |       |       ||    16
         Iskenderun's Myst |       |       |     5 |    18 |    30 |     1 |       |       |       ||    54
         Flame Wave        |       |       |     3 |    19 |    76 |     1 |       |       |       ||    99
         Irradiate         |       |       |       |       |    61 |    29 |    14 |    16 |     4 ||   124
         Ozocubu's Refrige |       |       |       |       |    53 |   313 |   441 |   437 |   129 ||  1373
         Sublimation of Bl |       |       |       |       |       |    26 |    66 |   176 |    96 ||   364
         Spellforged Servi |       |       |       |       |       |    22 |     8 |    29 |    16 ||    75
         Starburst         |       |       |       |       |       |     1 |    16 |    26 |       ||    43
         Leda's Unmaking   |       |       |       |       |       |    32 |    15 |    87 |    82 ||   216
         Ignition          |       |       |       |       |       |       |    29 |    56 |    31 ||   116
         Blink             |       |       |       |       |       |       |     3 |     2 |     1 ||     6
         Polar Vortex      |       |       |       |       |       |       |       |     1 |     4 ||     5
         Fire Storm        |       |       |       |       |       |       |       |       |    86 ||    86
Ability: Spit Poison       |     4 |     3 |     2 |     1 |     1 |       |       |       |       ||    11
  Evoke: Wand              |       |       |       |     7 |    24 |    10 |     2 |     5 |     4 ||    52
         Lightning rod     |       |       |       |     3 |     7 |       |       |       |       ||    10
         Phial of floods   |       |       |       |       |       |       |     1 |       |       ||     1
         Box of beasts     |       |       |       |       |       |       |     1 |       |       ||     1
    Use: Scroll            |     5 |     4 |     4 |     7 |     9 |     9 |     7 |     9 |    10 ||    64
         Potion            |       |     1 |       |     3 |     1 |     8 |     9 |    17 |    14 ||    53
   Stab: Sleeping          |     2 |     2 |     5 |     1 |     8 |     1 |     1 |     1 |       ||    21
         Paralysed         |       |       |       |     2 |     2 |       |       |       |       ||     4
         Distracted        |       |       |       |       |       |     1 |       |       |       ||     1
 Armour: Robe              |    16 |    16 |    85 |       |       |       |       |       |       ||   117
         Steam dragon scal |       |       |     3 |     6 |       |       |       |       |       ||     9
         Troll leather arm |       |       |       |    75 |   201 |    63 |    58 |    53 |    20 ||   470
  Dodge: Dodged            |    26 |    13 |    94 |   110 |   340 |    65 |    70 |    37 |    18 ||   773
  Block: Buckler           |       |       |       |    37 |   243 |    77 |    64 |       |       ||   421
         Reflection        |       |       |       |       |    15 |    27 |    24 |       |       ||    66
         Kite shield       |       |       |       |       |       |       |    21 |    73 |    30 ||   124

Table legend: (Time is in decaauts)
 A = Elapsed time spent in this place.
 B = Non-inter-level travel time spent in this place.
 C = Inter-level travel time spent in this place.
 D = Time resting spent in this place.
 E = Time spent auto-exploring this place.
 F = Levels seen in this place.
 G = Mean time per level.
                   A        B        C        D        E       F      G
               +--------+--------+--------+--------+--------+-----+--------+
         Total |  74976 |  65869 |   9107 |  17721 |  37013 |  56 | 1338.9 |
       Dungeon |  26234 |  21540 |   4694 |   6012 |  12055 |  15 | 1748.9 |
        Temple |     41 |      4 |     37 |      0 |      0 |   1 |   41.0 |
          Lair |   7590 |   6440 |   1150 |    804 |   4272 |   5 | 1518.0 |
        Shoals |   3745 |   3555 |    190 |    404 |   2497 |   4 |  936.2 |
     Snake Pit |   7433 |   7068 |    365 |   1587 |   4731 |   4 | 1858.2 |
    Slime Pits |   2124 |   1969 |    155 |   1306 |    165 |   5 |  424.8 |
  Orcish Mines |   1786 |   1334 |    452 |     23 |    986 |   2 |  893.0 |
   Elven Halls |   4351 |   3772 |    579 |    970 |   2138 |   3 | 1450.3 |
        Vaults |  10273 |   9566 |    707 |   3183 |   5069 |   5 | 2054.6 |
        Depths |   5483 |   4929 |    554 |   1152 |   3002 |   4 | 1370.8 |
           Zot |   4722 |   4502 |    220 |   1945 |   1667 |   5 |  944.4 |
         Abyss |    444 |    444 |      0 |     94 |     40 |   1 |  444.0 |
         Sewer |    168 |    168 |      0 |     21 |     86 |   1 |  168.0 |
       Volcano |    576 |    576 |      0 |    217 |    300 |   1 |  576.0 |
               +--------+--------+--------+--------+--------+-----+--------+

Top non-repeatable levels by time:
Vaults:5: 4059 daAuts
     D:6: 2569 daAuts
     D:9: 2377 daAuts
 Snake:4: 2191 daAuts
  Lair:5: 2165 daAuts
    D:14: 2057 daAuts
     D:7: 2014 daAuts
     D:4: 1987 daAuts
   Zot:1: 1986 daAuts
Depths:3: 1922 daAuts
    D:10: 1906 daAuts
     D:1: 1895 daAuts
 Snake:1: 1874 daAuts
Vaults:3: 1860 daAuts
    D:11: 1834 daAuts
